 Dungeon Crawl Stone Soup version 0.16.1-14-g82efdee (webtiles) character file.

485 KarvaRausku the Chopper (level 7, 0/52 HPs)
             Began as a Human Fighter on Apr 14, 2015.
             Slain by an iguana (2 damage)
             ... on level 4 of the Dungeon.
             The game lasted 00:10:35 (3676 turns).

KarvaRausku the Chopper (Human Fighter)             Turns: 3676, Time: 00:10:35

Health: 0/52       AC: 11    Str: 23    XL:     7   Next: 35%
Magic:  7/7        EV:  7    Int:  9    God:
Gold:   236        SH:  9    Dex: 12    Spells: 0 memorised, 6 levels left

rFire  . . .     SeeInvis .     a - +0 war axe
rCold  + . .     Clarity  +     b - +0 scale mail
rNeg   . . .     SustAb   .     c - +0 shield
rPois  +         Gourm    .     q - +0 helmet (curse)
rElec  .         Spirit   .     x - +2 cloak {rPois}
rCorr  .         Warding  .     (no gloves)
rMut   .         Stasis   .     (no boots)
MR     .....                    D - amulet of clarity
Stlth  ..........               z - ring of protection from cold (curse)
                                t - +3 ring of slaying

@: mighty, not resistant to hostile enchantments, extremely unstealthy
A: no striking features
a: no special abilities


You were on level 4 of the Dungeon.
You were not hungry.

You visited 1 branch of the dungeon, and saw 4 of its levels.

You collected 236 gold pieces.

Inventory:

Hand weapons
 a - a +0 war axe (weapon)
 w - a +2 quarterstaff of chaos
Armour
 b - a +0 scale mail (worn)
 c - a +0 shield (worn)
 p - a +1 animal skin
 q - a cursed +0 helmet (worn)
 x - a +2 cloak of poison resistance (worn)
Jewellery
 s - an uncursed amulet of faith
 t - a +3 ring of slaying (left hand)
 v - an uncursed ring of protection from cold
 z - a cursed ring of protection from cold (right hand)
 D - an amulet of clarity (around neck)
Magical devices
 y - a wand of cold (6)
 E - a wand of frost (21)
 F - a wand of enslavement (0)
Scrolls
 g - 2 scrolls of fog {unknown}
 h - 2 scrolls of enchant armour {unknown}
 i - 2 scrolls of random uselessness {unknown}
 j - 2 scrolls of immolation {unknown}
 n - 6 scrolls of remove curse {unknown}
 A - a scroll of enchant weapon {unknown}
 H - a scroll of noise {unknown}
 I - 4 scrolls of identify {unknown}
 K - a scroll of recharging {unknown}
 L - a scroll of teleportation {unknown}
 M - a scroll of fear {unknown}
Potions
 e - 4 potions of might
 f - 3 potions of restore abilities {unknown}
 k - a potion of heal wounds {unknown}
 l - 3 potions of brilliance {unknown}
 o - 3 potions of ambrosia {unknown}
 u - a potion of beneficial mutation {unknown}
 B - a potion of haste {unknown}
 C - a potion of agility {unknown}
 J - a potion of berserk rage {unknown}
Comestibles
 d - 2 bread rations
 m - 3 meat rations
 r - a slice of pizza
 G - 6 chunks of flesh


   Skills:
 - Level 3.0 Fighting
 + Level 7.5 Axes
 - Level 3.0 Armour
 - Level 3.0 Shields


You had 6 spell levels left.
You didn't know any spells.

Dungeon Overview and Level Annotations

Branches:
Dungeon (4/15)
 Temple: D:4-7

Altars:
Ashenzari
Makhleb
Nemelex Xobeh
Sif Muna


Message History

You hit the iguana.
The iguana is almost dead.
Your shield and scale mail prevent you from hitting the scorpion.
The iguana barely misses you. The scorpion stings you.
* * * LOW HITPOINT WARNING * * *
You are too injured to fight recklessly!
You are too injured to fight recklessly!
You hit the iguana but do no damage.
The iguana is almost dead.
You hit the scorpion.
The scorpion is lightly wounded.
The iguana barely misses you. The scorpion stings you.
* * * LOW HITPOINT WARNING * * *
The iguana bites you!
* * * LOW HITPOINT WARNING * * *
You block the scorpion's attack.
Drink which item? (? for menu, Esc to quit)
You feel very mighty all of a sudden. The iguana bites you.
You die...

. #.# #.# #.# ..# #.#
#.# #####
#######.##.......
#......s@l.#
#.#####.##....... #.#
##### #.## ##..###
#.....# . ###.#.#.###
.# ### #.........#
..#
.....######.#.#.#.#.#
..


You could see a scorpion and an iguana.

Vanquished Creatures
  A centaur skeleton (D:4)
  A gnoll shaman (D:4)
  Crazy Yiuf (D:2)
  An orc wizard (D:3)
  2 hounds
  Natasha (thrice) (D:3)
  Jessica (D:3)
  A hound skeleton (D:4)
  Robin (D:2)
  5 gnolls (D:4)
  8 adders
  A white imp (D:3)
  A worm (D:3)
  A giant gecko (D:1)
  2 oozes
  8 orcs
  10 bats
  3 giant cockroaches
  10 hobgoblins
  6 jackals
  5 kobolds
  2 quokkas (D:4)
  A ball python (D:4)
  2 giant newts
  25 goblins
  A jackal skeleton (D:4)
  A quokka skeleton (D:4)
  13 rats
117 creatures vanquished.

Notes
Turn   | Place    | Note
--------------------------------------------------------------
     0 | D:1      | KarvaRausku, the Human Fighter, began the quest for the Orb.
     0 | D:1      | Reached XP level 1. HP: 18/18 MP: 1/1
    75 | D:1      | Reached XP level 2. HP: 13/24 MP: 2/2
   446 | D:1      | Reached XP level 3. HP: 19/29 MP: 3/3
  1362 | D:2      | Noticed Robin
  1369 | D:2      | Reached XP level 4. HP: 21/35 MP: 4/4
  1398 | D:2      | Found a shattered altar of Ashenzari.
  1423 | D:1      | Reached skill level 4 in Axes
  1632 | D:2      | Killed Robin
  1738 | D:2      | Found a burning altar of Makhleb.
  2179 | D:2      | Found a deep blue altar of Sif Muna.
  2265 | D:2      | Noticed Crazy Yiuf
  2272 | D:2      | Killed Crazy Yiuf
  2272 | D:2      | Reached skill level 5 in Axes
  2272 | D:2      | Reached XP level 5. HP: 24/41 MP: 5/5
  2547 | D:3      | Noticed Natasha
  2580 | D:3      | Killed Natasha
  2765 | D:3      | Reached XP level 6. HP: 21/47 MP: 6/6
  2860 | D:3      | Reached skill level 6 in Axes
  3063 | D:3      | Noticed Jessica
  3071 | D:3      | Killed Jessica
  3121 | D:3      | Noticed Natasha
  3131 | D:3      | Killed Natasha
  3139 | D:3      | Noticed Natasha
  3143 | D:3      | Killed Natasha
  3414 | D:4      | Reached XP level 7. HP: 36/52 MP: 7/7
  3561 | D:4      | Reached skill level 7 in Axes
  3581 | D:4      | Found a sparkling altar of Nemelex Xobeh.
  3675 | D:4      | HP: 2/52 [iguana (8)]
  3676 | D:4      | Slain by an iguana

Action                   |  1- 3 |  4- 6 |  7- 9 || total
-------------------------+-------+-------+-------++-------
Melee: War axe           |   120 |   218 |    43 ||   381
Evoke: Wand              |       |       |     1 ||     1
  Use: Potion            |       |       |     1 ||     1
  Eat: Chunk             |     1 |     8 |     1 ||    10
